[Event "ROM-GER Kings"]
[Site "Medias"]
[Date "2015.10.30"]
[Round "1.2"]
[White "Marin, Mihail"]
[Black "Buhmann, Rainer"]
[Result "1/2-1/2"]
[ECO "E05"]
[WhiteElo "2580"]
[BlackElo "2615"]
[Annotator "Bulmaga/Rogozenco,D"]
[PlyCount "180"]
[EventDate "2015.10.30"]
[EventType "schev"]
[EventRounds "5"]
[EventCountry "ROU"]
[SourceTitle "CBM 169"]
[Source "ChessBase"]
[SourceDate "2015.11.10"]
[SourceVersion "1"]
[SourceVersionDate "2015.11.10"]
[SourceQuality "1"]
[WhiteTeam "Romania"]
[BlackTeam "Germany"]
[WhiteTeamCountry "ROU"]
[BlackTeamCountry "GER"]
[TimeControl "40/5400+30:1800+30"]

1. Nf3 d5 2. g3 Nf6 3. Bg2 e6 4. O-O Be7 5. c4 O-O 6. d4 dxc4 7. Qc2 a6 8. a4
Nc6 (8... Bd7 9. Qxc4 Bc6 {ist die Hauptvariante, 8... Nc6 wird seltener
gespielt.}) 9. Qxc4 Qd5 10. Qd3 {"Ich habe das vor 15 Jahren analysiert."
Mihail Marin.} Qf5 {Doch dieser Zug war eine Überraschung für den
rumänischen Großmeister.} 11. Qd1 $6 {Eine sehr seltene Fortsetzung.} Rd8 12.
Nc3 e5 {Die schwarze Zentrumsstrategie war erfolgreich und Weiß muss sehr
genau spielen, um nicht große Probleme zu bekommen.[#]} 13. d5 Qh5 (13... e4
$5 {Nach der Partie waren sich beide Spieler einig, dass dies eine
interessante Fortsetzung gewesen wäre.} 14. Nd4 Nxd4 15. Qxd4 Be6 16. Bf4 Nxd5
17. Nxd5 Bxd5 18. Bxc7) 14. e4 (14. Nd2 Nb4 $15) 14... Bg4 {Mit der Drohung
Nd4. Weiß scheint in Schwierigkeiten zu sein.} 15. Qd3 (15. Be3 Nd4 16. Bxd4
exd4 17. h3 dxc3 18. hxg4 Nxg4 (18... Qxg4 19. bxc3 Nxe4 20. Qe1 $1 $44 f5 21.
Ne5 Qg5 22. Bxe4 fxe4 23. Qxe4 Bc5 24. Kg2) 19. bxc3 Bc5 $17) (15. h3 $2 Bxh3
16. Bxh3 (16. Nxe5 $2 Bg4 17. Nxg4 Nxg4 $19) 16... Qxh3 17. Ng5 Qc8 $17) 15...
Nb4 16. Qe2 c6 17. dxc6 (17. h3 Bxh3 18. Bxh3 Qxh3 19. Nxe5 cxd5 $17) 17...
Nxc6 18. Be3 {[#]} (18. Qe3 Nd4 $17) 18... Bb4 (18... Nd4 $5 19. Bxd4 exd4 20.
Na2 Nd7 $17) 19. Bb6 Nd4 20. Bxd4 exd4 21. Na2 Bc5 $6 (21... d3 $1 {war ein
wichtiger Zwischenzug.} 22. Qe3 {Beide Spieler hatten hier nur noch wenig Zeit
hielten diese Fortsetzung für riskant für Schwarz - es sei denn, es gibt und
er findet einen klaren Weg zum Gewinn.} Bc5 23. Qf4 Rac8 $17) 22. Nc1 Re8 23.
e5 Nd5 24. Nd3 Ba7 25. Rad1 Rad8 26. Qe4 Bf5 27. Qe2 Bd7 28. a5 Bg4 29. Qe4 h6
30. Rd2 Bf5 (30... Ne3 $5 31. Nf4 Qf5 32. Qxf5 Bxf5 33. fxe3 dxe3) 31. Qe2 g5 {
"Eine Idee dieses Zuges ist es, Ne3 möglich zu machen." Rainer Buhmann} (31...
Ne3 $4 32. Nf4 $1 $18) 32. Nfe1 Qxe2 33. Rxe2 f6 34. Be4 Bh3 35. Bg2 Bg4 36.
Bf3 Bh3 37. Bg2 Bxg2 38. Kxg2 Bb8 39. Nf3 fxe5 40. Nfxe5 Bc7 41. Ra1 Bxe5 42.
Rxe5 Rxe5 43. Nxe5 Nb4 44. Kf3 Rf8+ 45. Kg2 d3 (45... Re8 46. f4 Nc6 47. Nxc6
bxc6 48. b4) 46. Rd1 Rf5 47. Nc4 Kg7 48. f3 Kf6 49. Kf2 g4 50. f4 Rh5 51. Rh1
Rc5 52. b3 Nc6 53. Ke3 Rb5 54. Rb1 Nxa5 55. Nxa5 Rxa5 56. Rb2 h5 57. Kxd3 h4
58. h3 $4 {[#]} gxh3 59. g4 (59. Rh2 $2 hxg3 60. Rxh3 g2 61. Rg3 Ra2 $19) 59...
Ra1 $1 $19 60. Rh2 Rg1 $2 (60... Rb1 $3 61. Ke4 (61. Kc4 Rg1 62. Rxh3 Rxg4 $19)
61... Rxb3 $19) 61. Ke4 Rxg4 62. Rxh3 Rg3 (62... a5 $5 63. Rd3 Rg3 64. Rd6+ Kg7
65. Rb6 h3 66. Rxb7+ Kg6) 63. Rxh4 Rxb3 64. Rh6+ Ke7 65. f5 a5 66. Rh7+ Kd6 67.
Rh6+ Ke7 68. Rh7+ Kf6 69. Rh6+ Kg7 70. Rd6 a4 71. Ke5 a3 72. Rd7+ Kf8 73. Rd8+
Ke7 74. Ra8 Kd7 75. f6 Rf3 76. Kd5 Rxf6 77. Rxa3 Rc6 78. Ra5 Kc7 79. Rc5 Kb6
80. Rxc6+ bxc6+ 81. Kc4 c5 82. Kc3 Kb5 83. Kb3 c4+ 84. Kc3 Kc5 85. Kc2 Kd4 86.
Kd2 c3+ 87. Kc2 Kc4 88. Kc1 Kd3 89. Kd1 c2+ 90. Kc1 Kc3 1/2-1/2

[Event "Paris FIDE GP"]
[Site "Elancourt"]
[Date "2013.09.30"]
[Round "8"]
[White "Wang, Hao"]
[Black "Dominguez Perez, Leinier"]
[Result "1/2-1/2"]
[ECO "E05"]
[WhiteElo "2747"]
[BlackElo "2757"]
[Annotator "ChessBase Website"]
[PlyCount "74"]
[EventDate "2013.09.22"]
[EventType "tourn"]
[EventRounds "11"]
[EventCountry "FRA"]
[EventCategory "20"]
[SourceTitle "CBM 157"]
[Source "ChessBase"]
[SourceDate "2013.11.12"]
[SourceVersion "1"]
[SourceVersionDate "2013.11.12"]
[SourceQuality "1"]
[TimeControl "40/7200:20/3600:900+30"]
[WhiteClock "2:00:00"]
[BlackClock "2:00:00"]

1. c4 e6 2. Nf3 Nf6 3. g3 d5 4. Bg2 Be7 5. O-O O-O 6. d4 dxc4 7. Qc2 a6 8. a4 Bd7 9. Qxc4 Bc6 10. Bf4 Bd6 11. Bg5 Nbd7 12. Nc3 h6 13.
Bxf6 Nxf6 14. Rfd1 Bd5 15. Qd3 Bxf3 16. Qxf3 $146 (16. Bxf3 c6 17. e4 Bb4 18. Na2 Be7 19. Qb3 Rb8 20. Rac1 Qa5
21. d5 exd5 22. exd5 cxd5 23. Nc3 b5 24. axb5 axb5 25. Nxd5 Nxd5 26. Bxd5 Bf6
27. Bxf7+ Rxf7 28. Rd7 Rbf8 29. Qe6 b4 30. Rcc7 Qe5 31. Qc4 Qe1+ 32. Kg2 Be7
33. Rxe7 {1/2-1/2 (33) Ribli,Z (2554)-Kovacs,G (2461) Hungary 2013}) 16... c6 17. e4 Bb4 18. Na2 Be7 19. Qb3 Qb8 20.
a5 Qa7 21. Nc3 Rad8 22. e5 Ne8 23. Ne2 Nc7 24. h4 Nb5 25. Qc4 Rd7 26. Rd3 Rfd8 27. Rad1 Nc7 28. h5 Nd5 29. Rb3 c5 $1 $36 {
[%emt 0:02:19][%csl Rd4][%cal Gd7d1] Wang Hao found himself in trouble on the
white side of a Catalan today as his d-pawn came under heavy pressure. His
Cuban opponent was able to win it with a timely c5 break and Black held an
indisputable advantage. The Chinese created counterplay down the b-file with a
creative rook lift, but it was not enough to equalize. What it was enough for
was to confuse his opponent in time pressure, and Dominguez agreed to a
threefold repetition in a position where he was clearly better.} 30. Bxd5 Rxd5 31. Rb6 Qb8 32. Qb3 cxd4 33. Nf4 Rxe5 34. Rxb7 Qd6 35. Rb6 Qc7 36. Rb7 Qd6 37. Rb6 Qc7 1/2-1/2

[Event "EU-ch 12th"]
[Site "Aix les Bains"]
[Date "2011.03.30"]
[Round "8"]
[White "Postny, Evgeny"]
[Black "Melia, Salome"]
[Result "1-0"]
[ECO "E05"]
[WhiteElo "2585"]
[BlackElo "2462"]
[Annotator "Marchand,A/Primel,D"]
[PlyCount "73"]
[EventDate "2011.03.22"]
[EventType "swiss"]
[EventRounds "11"]
[EventCountry "FRA"]
[SourceTitle "CBM 142 Extra"]
[Source "ChessBase"]
[SourceDate "2011.06.27"]
[SourceVersion "1"]
[SourceVersionDate "2011.06.27"]
[SourceQuality "1"]
[TimeControl "40/5400+30:1800+30"]

1. Nf3 Nf6 2. c4 e6 3. g3 d5 4. Bg2 Be7 5. d4 O-O 6. O-O dxc4 7. Qc2 (7. Qa4 {
Evite la ligne а la mode b5 sur Qc2}) 7... a6 8. a4 (8. Qxc4 b5 9. Qc2 Bb7 10.
Bd2 (10. Bf4 Bd6 11. Nbd2 Bxf4 12. gxf4 Nbd7 (12... Qd6 13. Rac1 Nc6 14. e3 $14
)) 10... Be4 (10... Nc6 11. e3 (11. Nc3 Nxd4 12. Nxd4 Bxg2 13. Nxe6 Qc8 $13)
11... Nb4 12. Bxb4 Bxb4 13. a3 Be7 14. Nbd2 Rc8 15. b4 a5 16. Ne5 Bxg2 17. Kxg2
c6 18. Nd3 axb4 19. axb4 Nd5 20. Qb3 Ra8 21. Rfc1 Qb6 $11) (10... Ra7 11. Rc1 (
11. a3 Be4 12. Qc1 Nc6 13. e3 Qa8 14. Qd1 Nd5 15.
Qe2 (15. Nc3 Nxc3 16. Bxc3 a5 17. Ne1 Bxg2 18. Nxg2 b4 19. Bd2 bxa3 20. bxa3
Rd8 $11))) 11. Qc1 Bb7 (11... b4 12. Bg5 Nbd7 13. Nbd2 Bb7 14. Nb3 c5 {
Chetverik,M (2316)-Namyslo,H (2315) Budapest FS08 IM-B 2002 (5) 1-0} (14... h6
$5 15. Bxf6 Bxf6)) (11... Ra7 12. Be3 Nd5 13. Nc3 $14) 12.
Bf4 (12. Bg5 $6 Nbd7 13. Nbd2 Rc8 14. Bxf6 Bxf6 15. Nb3 c5 $11 {Ree,H (2480)
-Grimberg,G (2210) Meudon op 1st 1984 (2) 0-1}) 12... Nd5 13. Nc3 Nxf4 14. Qxf4
Nd7 15. Rfd1 Bd6 $11) (8. Nbd2 b5 9. Ng5 Ra7 (9... c6 10. b3 h6 11. Ngf3 cxb3
12. Nxb3 Nbd7 {Pina Gomez,U (2355)-Perez Garcia,R (2285) Capablanca Memorial-C
1992 (5) 0-1}) 10. b3 c3 11. Nde4 Nxe4 (11... Nd5 12. Nf3 b4 13. a3 $13 {
Krasenkow}) 12. Nxe4) 8... Bd7 9. Qxc4 (9. Ne5 Bc6 10. Nxc6 Nxc6 11. e3 Na5 12.
Nd2 c5 $1 13. dxc5 Rc8 14. b4 cxb3 15. Nxb3 Nxb3 16. Qxb3 Nd7 ({RR} 16... Bxc5
17. Qxb7 Qa5 18. Ba3 Rb8 19. Qf3 Bxa3 20. Rxa3 Rfc8 21. Qe2 h6 22. Rd1 Rd8 23.
Raa1 Rxd1+ 24. Qxd1 Rb2 25. Rc1 Qf5 26. Qf3 Qxf3 27. Bxf3 Ra2 {1/2-1/2 Pradeep,
K (2231)-Minhazuddin,A (2419)/Chennai 2011}) 17. Ba3 Nxc5 $11) 9... Bc6 10. Bg5
(10. Bf4 $5 {Semble revenir а la mode} a5 11. Nc3 Na6 12. Rac1 Nb4 13. Rfe1
Nfd5 14. Nxd5 exd5 $11) 10... Bd5 (10... a5 $143 11. Nc3 Na6 12. Bxf6 Bxf6 13. e4 Nb4 $1 14. Rfd1 (14. Rac1 b6 15. Rfd1 Bb7 16. Qe2 Rc8 17. h4 c6 18. Qe3 {
Sorokin,M (2535)-Servat,R (2450) Clarin GP op 4th 1995 (4) 1-0}) 14... b6 (
14... g6 15. h4 h6 (15... Rc8 16. Rd2 {Lputian,S (2605)-Polgar,J (2658) Corus
Wijk aan Zee 2000 (6) 1-0} (16. h5 b6 17. Rd2 Bb7 18. Rad1 (18. Bh3 ))) 16. Rac1 {Nielsen,P (2578)-Lobzhanidze,D (2493) Bergen Sommer
op 2000 (5) 1-0}) 15. Rd2 (15. Ne1 Qd7 16. e5 Bxg2 17. Nxg2 Bg5 18. Qe2 f5)
15... Bb7 16. Qe2 g6 17. Qe3 Qe7 18. e5 Bg7 19. Ng5 Bxg2 20. Kxg2 Rad8 21. f4 {
Kozul,Z (2606)-Zelcic,R (2544) Nova Gorica op 07th 2002 (5) 1/2} (21. h4 $5) (
21. Nge4 $14 )) 11. Qc2 (11. Qd3 {[%cal Gb1c3] La ligne principale}
c5 (11... Be4 12. Qd1) 12. Nc3 (12. dxc5 Nbd7 13. Nc3 Nxc5 14. Qe3 Qa5 15. Nxd5 Nxd5 16. Qa3 $13 {Beliavsky,A (2654)-Almasi,Z (2668)
HUN-chT 0001 2000 (6) 1/2}) 12... cxd4 13. Nxd5 Nxd5 14. Bxe7) 11... Be4 12.
Qc1 (12. Qd1 {Sur cette ligne voir les superbes commentaire du GMI WINNANTS
sur une partie de KRAMNIK jouée en 2001.} c5 13. dxc5 Bxc5 14. Qxd8 Rxd8 15.
Nbd2 (15. Nc3 $5) 15... Bc6 16. Nb3) 12... Nc6 (12... h6 13. Bxf6 Bxf6 14. Nc3)
13. e3 {88} h6 {47 Les Noirs ont un gros retard а la pendule} 14. Bxf6 Bxf6 15.
Nc3 Bh7 (15... Bg6 $142 {[%cal Gg6h5] Plus souple}) 16. Rd1 Qe8 {[%csl Re8] Les Noirs commencent а manquer d'activité} 17. Nd2 $1 e5 (17... Rd8 18. Nde4) 18. Nce4 Bd8 19. d5 $36 Na7 (19... Nb4 20. d6 cxd6 21. Qc4 $36 a5 (21... Nc6 22. Nxd6))
20. d6 $1 cxd6 21. Nxd6 Qe7 22. Nxb7 {[%csl Gg2] Le triomphe du B catalan} Rc8
23. Nc4 Qb4 (23... e4 ) 24. Nbd6 Rc7 25. Qd2 Qxd2 26. Rxd2 Bf6
27. Nb6 {[%csl Gb6,Gd6] Deux N en 06ème rangée!} Be7 (27... Rb8) 28. Rad1 Bc2 (
28... Rc2) 29. Rc1 Rd8 $2 30. Nd5 $18 Bxd6 31. Nxc7 Bxa4 32. Nxa6 Be7 33. Rxd8+
Bxd8 34. Nc5 Bb5 35. Ra1 Bb6 36. Na4 Bxa4 37. Rxa4 1-0

[Event "FRA-chT Top 12"]
[Site "Brest"]
[Date "2018.05.26"]
[Round "1"]
[White "Van Wely, Loek"]
[Black "Kryvoruchko, Yuriy"]
[Result "1/2-1/2"]
[ECO "E05"]
[WhiteElo "2667"]
[BlackElo "2705"]
[Annotator "Stohl,I"]
[PlyCount "48"]
[EventDate "2018.05.26"]
[EventType "team-tourn"]
[EventRounds "11"]
[EventCountry "FRA"]
[SourceTitle "EXT 2019"]
[Source "ChessBase"]
[SourceDate "2018.10.10"]
[SourceVersion "1"]
[SourceVersionDate "2018.10.10"]
[SourceQuality "1"]
[WhiteTeam "Clichy Echecs 92"]
[BlackTeam "Grasse Echecs"]
[WhiteTeamCountry "FRA"]
[BlackTeamCountry "FRA"]
[TimeControl "40/5400+30:1800+30"]

1. d4 Nf6 2. c4 e6 3. g3 d5 4. Nf3 Be7 5. Bg2 O-O 6. O-O dxc4 7. Ne5 Nc6 8.
Nxc6 bxc6 9. Na3 Bxa3 10. bxa3 Ba6 11. Qd2 Rb8 12. Qa5 Qc8 13. a4 Rd8 14. Rd1 c3
$146 (14... e5 15. Qxe5 Re8 $11 (15... Nd5 $132)) (14... Nd5
15. Ba3 {Li,C (2751)-Harikrishna,P (2753) China Elite Mind blitz 2016 (14) 1-0}
) 15. Qxc3 Bxe2 $11 16. Re1 Qa6 17. Bg5 Qc4 18. Rac1 Qxc3 19. Rxc3 Rb2 20. Rxc6 h6 21. Bxf6 gxf6 22. Rxc7 a6 23. d5 exd5 24. Bf1 Bxf1 1/2-1/2